 Dungeon Crawl Stone Soup version 0.30-a0-743-gbfdf073431 (webtiles) character file.

Game seed: 15488518476055774553

40 Leeroy the Slasher (level 3, -4/18 HPs)
             Began as a Vine Stalker Warper on Feb 7, 2023.
             Slain by Terence
             ... wielding a +0 mace
              (8 damage)
             ... on level 2 of the Dungeon.
             The game lasted 00:01:08 (891 turns).

Leeroy the Slasher (Vine Stalker Warper)             Turns: 891, Time: 00:01:08

Health: -4/18      AC:  3    Str: 13    XL:     3   Next: 50%
Magic:  0/7        EV: 11    Int: 13    God:
Gold:   72         SH:  0    Dex: 15    Spells: 6/6 levels left

rFire   x . .      SeeInvis .    a - +0 falchion
rCold   + . .      Faith    .    (no shield)
rNeg    . . .      Spirit   +    b - +0 leather armour
rPois   .          Reflect  .    (no helmet)
rElec   .          Harm     .    f - scarf {+Inv}
rCorr   .          Rampage  .    (no gloves)
Will    .....                    (no boots)
Stlth   +                        (no amulet)
HPRegen 0.23/turn                k - ring of ice
MPRegen 0.10/turn                (no ring)

@: no status effects
A: fangs 2, magic shield, antimagic bite, no potion heal 2
a: Evoke Invisibility


You were on level 2 of the Dungeon.
You visited 1 branch of the dungeon, and saw 2 of its levels.

You collected 72 gold pieces.

Inventory:

Hand Weapons
 a - a +0 falchion (weapon)
Missiles
 d - 7 boomerangs of dispersal (quivered)
Armour
 b - a +0 leather armour (worn)
 f - a scarf of invisibility (worn)
 j - a +0 cloak
Jewellery
 k - a ring of ice (left hand)
Scrolls
 c - a scroll of blinking
 g - 2 scrolls of vulnerability {unknown}
 h - 2 scrolls of identify {unknown}
 i - a scroll of enchant weapon {unknown}
Potions
 e - a potion of ambrosia {unknown}


   Skills:
 - Level 1.7 Fighting
 - Level 3.4 Long Blades
 - Level 0.8 Throwing
 + Level 0.7 Armour
 - Level 1.5 Dodging
 - Level 2.1 Spellcasting
 - Level 3.0 Translocations


You had 6 spell levels left.
You didn't know any spells.
Your spell library contained the following spells:

 Spells                   Type           Power      Damage    Failure   Level
 Blink                    Tloc           18%        N/A       14%         2
 Lesser Beckoning         Tloc           18%        N/A       14%         2
 Teleport Other           Tloc           9%         N/A       28%         3
 Vhi's Electric Charge    Tloc/Air       10%        N/A       45%         3
 Manifold Assault         Tloc           9%         N/A       67%         4


Dungeon Overview and Level Annotations

Branches:
Dungeon (2/15)

Altars:

Annotations:
D:2 Terence


Innate Abilities, Weirdness & Mutations

You have extremely sharp teeth.
When hurt, damage is shared between your health and your magic reserves.
Your bite disrupts and absorbs the magic of your enemies.
Potions cannot restore your health.


Message History

Done exploring.
No target in view!
There is a stone staircase leading down here.
You climb downwards.
There is a stone staircase leading up here.
A rat is nearby!
A rat is nearby!
You hit the rat.
You kill the rat!
Terence the Incautious comes into view.
He is wielding a +0 mace.
Terence is nearby!
You see here a ring of ice.
k - a ring of ice Terence says, "Rest in peace."
You feel more attuned to ice.
k - a ring of ice (left hand)
Okay, then.
Okay, then.
You aren't carrying any items that you can evoke.
Unknown command.
You hit Terence.
Terence is lightly wounded.
Terence hits you with a +0 mace.
You slash Terence!
Terence is heavily wounded.
Terence hits you with a +0 mace. x2
You barely miss Terence. You bite Terence, but do no damage.
Terence is heavily wounded.
Terence hits you with a +0 mace.
* * * LOW HITPOINT WARNING * * *
You don't know any spells.
Okay, then.
You barely miss Terence. Your bite misses Terence.
Terence is heavily wounded.
Terence hits you with a +0 mace.
* * * LOW HITPOINT WARNING * * *
You barely miss Terence.
Terence is heavily wounded.
Terence hits you with a +0 mace!
You die...

######################
#.............@@......
#.####################
#.# #.# #<# #.# #.#
#.# #.#


You could see Terence.

Vanquished Creatures
  A bat (D:1)
  6 endoplasms (D:1)
  4 giant cockroaches (D:1)
  2 hobgoblins (D:1)
  3 jackals (D:1)
  3 quokkas (D:1)
  4 ball pythons (D:1)
  5 goblins (D:1)
  2 kobolds (D:1)
  4 rats
34 creatures vanquished.

Notes
Turn   | Place    | Note
-------+----------+-------------------------------------------
     0 | D:1      | Leeroy the Vine Stalker Warper began the quest for the Orb.
     0 | D:1      | Reached XP level 1. HP: 11/11 MP: 4/4
   229 | D:1      | Reached XP level 2. HP: 15/15 MP: 6/6
   321 | D:1      | Reached XP level 3. HP: 17/18 MP: 7/7
   881 | D:2      | Noticed Terence
   891 | D:2      | Slain by Terence

Illustrated notes

Levels and vault maps discovered:
D:1:      lightli_arrival_statuegarden, layout_loops_cross, st_stairs_10,
          minmay_pentomino_w2
D:2:      layout_loops_ring, shapermc_ecumenical_altar_hornbeckon, uniq_terence

Skill      XL: |  1  2 |
---------------+-------+-----
Long Blades    | 2 3 |  3.4
Fighting       | |  1.7
Throwing       | |  0.8
Armour         | |  0.7
Dodging        | |  1.5
Spellcasting   | |  2.1
Translocations | |  3.0

Action                     || total
---------------------------++-------
  Melee: Falchion          ||    89
         Bite              ||    15
         Punch             ||     1
   Stab: Sleeping          ||     2
 Armour: Leather armour    ||    22
  Dodge: Dodged            ||    60

Table legend: (Time is in decaauts)
 A = Elapsed time spent in this place.
 B = Non-inter-level travel time spent in this place.
 C = Inter-level travel time spent in this place.
 D = Time resting spent in this place.
 E = Time spent auto-exploring this place.
 F = Levels seen in this place.
 G = Mean time per level.
                   A        B        C        D        E       F      G
               +--------+--------+--------+--------+--------+-----+--------+
         Total |    904 |    858 |     46 |      0 |    673 |   2 |  452.0 |
       Dungeon |    904 |    858 |     46 |      0 |    673 |   2 |  452.0 |
               +--------+--------+--------+--------+--------+-----+--------+

Top non-repeatable levels by time:
     D:1: 877 daAuts
     D:2: 27 daAuts
